 Dungeon Crawl Stone Soup version 0.23.1 (webtiles) character file.

Game seed: 6324247146699450198

594 wolfsongas the Firebug (level 7, -1/46 HPs)
             Began as a Demonspawn Fire Elementalist on Mar 2, 2019.
             Was an Initiate of Vehumet.
             Slain by Edmund
             ... wielding a +6 antimagic flail
              (6 damage)
             ... on level 4 of the Dungeon.
             The game lasted 00:11:55 (5428 turns).

wolfsongas the Firebug (DsFE)                       Turns: 5428, Time: 00:11:55

Health: -1/46      AC:  6    Str:  6    XL:     7   Next: 16%
Magic:  0/13       EV: 12    Int: 18    God:    Vehumet [......]
Gold:   194        SH:  0    Dex: 14    Spells: 11/14 levels left

rFire    + . .     SeeInvis .   h - +0 short sword
rCold    + . .     Gourm    .   (no shield)
rNeg     . . .     Faith    .   c - +0 leather armour
rPois    .         Spirit   .   (helmet restricted)
rElec    .         Reflect  .   (no cloak)
rCorr    .         Harm     .   (no gloves)
MR       .....     Rnd*Tele +   f - +2 pair of boots
Stlth    +++.......             (no amulet)
HPRegen  0.15/turn              k - ring of protection from fire
MPRegen  0.13/turn              (no ring)

@: no status effects
A: antennae 1, blink, cold resistance 1, nightstalker 1, powered by death 1,
teleportitis 1, weak 1
a: Blink, Renounce Religion


You were on level 4 of the Dungeon.
You worshipped Vehumet.
Vehumet was noncommittal.
You were not hungry.

You visited 2 branches of the dungeon, and saw 5 of its levels.

You collected 194 gold pieces.

Inventory:

Hand Weapons
 h - a +0 short sword (weapon)
Armour
 c - a +0 leather armour (worn)
 f - a +2 pair of boots (worn)
Jewellery
 k - a ring of protection from fire (left hand)
Scrolls
 a - a scroll of enchant armour {unknown}
 b - 5 scrolls of remove curse
 g - a scroll of blinking {unknown}
 j - a scroll of teleportation
Potions
 e - a potion of ambrosia
 i - a potion of agility
Comestibles
 l - a ration


   Skills:
 - Level 0.1 Short Blades
 + Level 2.9 Dodging
 - Level 1.7 Stealth
 + Level 4.2 Spellcasting
 - Level 2.4 Conjurations
 * Level 5.6 Fire Magic


You had 11 spell levels left.
You knew the following spells:

 Your Spells              Type           Power        Failure   Level  Hunger
a - Flame Tongue          Conj/Fire      ###..        4%          1    None
b - Throw Flame           Conj/Fire      ###...       6%          2    ##.....

Your spell library contained the following spells:

 Spells                   Type           Power        Failure   Level  Hunger
 Conjure Flame            Conj/Fire      ###.....     13%         3    ###....
 Inner Flame              Hex/Fire       ##......     22%         3    ###....
 Sticky Flame             Conj/Fire      ###.....     38%         4    ####...
 Fireball                 Conj/Fire      ###.......   75%         5    ######.


Dungeon Overview and Level Annotations

Branches:
Dungeon (4/15)             Temple (1/1) D:4

Altars:
Cheibriados
Dithmenos
Elyvilon
Fedhas
Gozag
Kikubaaqudgha
Makhleb
Nemelex Xobeh
Ru
Sif Muna
Trog
Uskayaw
Vehumet
Wu Jian
Xom
Yredelemnul
Zin
The Shining One

Annotations:
D:4 Edmund


Innate Abilities, Weirdness & Mutations

You have a pair of small antennae on your head.
You are slightly more attuned to the shadows.
You regenerate a little health from kills.
You can translocate small distances at will.
Your flesh is cold resistant. (rC+)
You are occasionally teleported next to monsters.
You are weak. (Str -2)


Message History

Edmund is severely wounded.
Edmund hits you with a +6 antimagic flail.
* * * LOW HITPOINT WARNING * * *
There is a fountain of clear blue water here.
Edmund says, "I'm quite good with sums, too."
There is a fountain of clear blue water here.
Edmund says, "A flail is better than a scythe, any day of the week!"
Edmund shouts!
Edmund hits you with a +6 antimagic flail!
* * * LOW HITPOINT WARNING * * *
You feel your power leaking away.
Casting: Flame Tongue (safe; 4% risk of failure)
Confirm with . or Enter, or press ? or * to list all spells.
Aiming: Flame Tongue (safe; 4% risk of failure)
Press: ? - help, Shift-Dir - straight line, f/p - Edmund
Aim: Edmund, wielding a +6 antimagic flail and wearing a +0 leather armour (severely wounded)
The flame tongue hits Edmund.
Edmund is almost dead.
Edmund hits you with a +6 antimagic flail.
You die...

#...#.⌠.#...###.#...
#.###...###.# #.#... #####
#...........# #.#... ##..(##
#..⌠..>..⌠..# #.#... ##.....##
#.{.........# #.#[#.
#.......#####.###...###.###.####
#..........>....#.⌠.#...........
#.......#####...#...#...##.#####
##.....#### #..@@.......##.#
##.......# ####...#.#####.#####
##..###.# ##.##...........#
#..###.# #.####.###?###.#
#...##.# #.# #.# #.# #.#
##..##.# #+# #.###.###.# #..##.#
#.##......# #.....# #.##.##.#.#
###<.### #.##.......


You could see Edmund.

Vanquished Creatures
  Grinder (D:4)
  2 scorpions (D:4)
  A centaur skeleton (D:3)
  An orc priest (D:3)
  An iguana (D:4)
  Natasha (twice) (D:4)
  2 gnolls (D:2)
  5 adders
  An adder skeleton (D:4)
  5 worms
  3 dart slugs
  2 leopard geckos
  5 orcs (D:3)
  4 bats
  2 giant cockroaches
  7 goblins
  9 hobgoblins
  3 jackals (D:4)
  11 kobolds
  2 quokkas
  2 ball pythons (D:3)
  5 frilled lizards
  9 rats
85 creatures vanquished.

Notes
Turn   | Place    | Note
-------+----------+-------------------------------------------
     0 | D:1      | wolfsongas the Demonspawn Fire Elementalist began the quest
                  | for the Orb.
     0 | D:1      | Reached XP level 1. HP: 13/13 MP: 3/3
   227 | D:1      | Reached skill level 3 in Fire Magic
   460 | D:1      | Gained mutation: You are slightly more attuned to the
                  | shadows. [demonic ancestry]
   460 | D:1      | Reached XP level 2. HP: 19/19 MP: 1/5
   838 | D:1      | Learned a level 2 spell: Throw Flame
  1413 | D:2      | Gained mutation: You regenerate a little health from kills.
                  | [demonic ancestry]
  1413 | D:2      | Reached XP level 3. HP: 22/24 MP: 0/6
  1869 | D:2      | Found a shadowy altar of Dithmenos.
  1869 | D:2      | Found a blossoming altar of Fedhas.
  2561 | D:2      | Gained mutation: You have a pair of small antennae on your
                  | head. [demonic ancestry]
  2561 | D:2      | Reached XP level 4. HP: 30/30 MP: 0/7
  2943 | D:3      | Found a sacrificial altar of Ru.
  3164 | D:3      | Reached XP level 5. HP: 35/35 MP: 6/9
  3681 | D:3      | Reached skill level 4 in Fire Magic
  4188 | D:4      | Gained mutation: You are weak. (Str -2) [potion of
                  | mutation]
  4188 | D:4      | Gained mutation: You are occasionally teleported next to
                  | monsters. [potion of mutation]
  4188 | D:4      | Gained mutation: Your flesh is cold resistant. (rC+)
                  | [potion of mutation]
  4188 | D:4      | Gained mutation: You can translocate small distances at
                  | will. [potion of mutation]
  4230 | D:4      | Noticed Natasha
  4233 | D:4      | Killed Natasha
  4434 | D:4      | Found a staircase to the Ecumenical Temple.
  4443 | Temple   | Entered the Ecumenical Temple
  4664 | Temple   | Became a worshipper of Vehumet
  4711 | D:4      | Reached XP level 6. HP: 25/41 MP: 0/11
  4711 | D:4      | Noticed Natasha
  5072 | D:4      | Killed Natasha
  5072 | D:4      | Reached skill level 5 in Fire Magic
  5197 | D:4      | Noticed Grinder
  5205 | D:4      | Paralysed by Grinder for 4 turns
  5214 | D:4      | Paralysed by Grinder for 5 turns
  5222 | D:4      | Paralysed by Grinder for 3 turns
  5229 | D:4      | Killed Grinder
  5229 | D:4      | Reached XP level 7. HP: 29/46 MP: 0/13
  5364 | D:4      | Noticed Edmund
  5428 | D:4      | Slain by Edmund

Skill      XL: |  1  2  3  4  5  6 |
---------------+-------------------+-----
Fire Magic     | 3 4 5 |  5.6
Dodging        | 2 |  2.9
Conjurations   | 2 |  2.4
Spellcasting   | 3 4 |  4.2
Short Blades   | |  0.1
Stealth        | |  1.7

Action                   |  1- 3 |  4- 6 |  7- 9 || total
-------------------------+-------+-------+-------++-------
Melee: Short sword       |    47 |    72 |     2 ||   121
 Cast: Flame Tongue      |    58 |    93 |     7 ||   158
       Throw Flame       |    11 |    17 |       ||    28
  Use: Scroll            |     6 |     2 |       ||     8
       Potion            |     3 |     7 |       ||    10
 Stab: Sleeping          |       |     2 |     1 ||     3
  Eat: Ration            |     2 |     1 |       ||     3
       Chunk             |       |     7 |       ||     7
Armor: Robe              |    13 |    10 |       ||    23
       Leather armour    |       |    17 |       ||    17
Dodge: Dodged            |    42 |    63 |     2 ||   107
